AoeStats
← LesterTheMole

Arena

505045720Analyzed
2v2 RM · 26d ago on Sep 7, 2026· 33m 6s· 4 players
Game mode
Random Map
Map size
Medium (4 player)
Population
200
Speed
Normal
Resources
Standard
Victory
Conquest
Starting age
Dark Age
Ending age
Imperial Age
RankedLock teamsTeams togetherTeam positionsShared explorationLock speedFull tech treeHidden civsTurbo modeCheats
Victory
Defeat
🇦🇺 Goths · Australia
976
+5
🇦🇺 Chinese · Australia
374
+24
🇨🇱 Britons · Chile
669
-16
🇪🇸 Chinese · Spain
601
-13
joseph
10:22 Feudal Age
10:39 Man-at-Arms
11:09 Double-Bit Axe
11:37 Horse Collar
21:19 Castle Age
21:44 Scale Mail Armor
21:55 Forging
22:15 Long Swordsman
22:47 Elite Skirmisher
26:23 Iron Casting
25:51 Padded Archer Armor
28:51 Pikeman
29:31 Squires
32:37 Chain Mail Armor
32:12 Fletching
LesterTheMole
19:19 Feudal Age
20:27 Double-Bit Axe
20:24 Horse Collar
22:05 Gold Mining
22:06 Stone Mining
22:05 Man-at-Arms
24:05 Fletching
24:18 Padded Archer Armor
27:43 Castle Age
33:08 Bow Saw
33:01 Heavy Plow
33:19 Thumb Ring
33:12 Bodkin Arrow
33:32 Leather Archer Armor
sotragering
11:52 Feudal Age
13:15 Double-Bit Axe
15:45 Horse Collar
19:51 Castle Age
20:35 Fletching
21:21 Heavy Plow
24:14 Padded Archer Armor
25:28 Bow Saw
25:22 Crossbowman
26:15 Gold Mining
26:24 Stone Mining
27:47 Wheelbarrow
27:49 Leather Archer Armor
28:07 Murder Holes
28:55 Fortified Wall
28:33 Elite Skirmisher
29:55 Hand Cart
31:56 Ballistics
31:50 Bodkin Arrow
fabianskiy2
11:31 Feudal Age
12:31 Double-Bit Axe
14:41 Gold Mining
19:37 Fletching
27:01 Castle Age
Connection lost

Rejoining the realm…

Still unreachable

The connection could not be restored.

Session expired

The server has moved on; the page needs a fresh start.